 Dungeon Crawl Stone Soup version 0.27.1-3-gb3d3a73c9e (webtiles) character file.

Game seed: 12251254581124890037

217 AZSletch the Ruffian (level 5, -4/45 HPs)
             Began as a Draconian Transmuter on Oct 12, 2021.
             Was a Follower of Uskayaw.
             Slain by an ice beast (7 damage)
             ... on level 4 of the Dungeon.
             The game lasted 00:08:46 (4212 turns).

AZSletch the Ruffian (Draconian Transmuter)         Turns: 4212, Time: 00:08:47

Health: -4/45      AC:  6    Str: 13    XL:     5   Next: 61%
Magic:  2/9        EV: 12    Int: 13    God:    Uskayaw [*.....]
Gold:   196        SH:  0    Dex: 12    Spells: 3/9 levels left

rFire    . . .     SeeInvis .   h - +0 spear (vorpal)
rCold    . . .     Faith    .   (no shield)
rNeg     . . .     Spirit   .   (armour unavailable)
rPois    .         Reflect  .   (helmet restricted)
rElec    .         Harm     .   q - +0 cloak
rCorr    +         Rampage  .   (no gloves)
Will     .....                  (no boots)
Stlth    +.........             (no amulet)
HPRegen  0.15/turn              m - ring of resist corrosion
MPRegen  0.11/turn              (no ring)

@: wereblooded (expiring)
A: AC +5, unfitting armour, cold-blooded
a: Renounce Religion, Stomp


You were on level 4 of the Dungeon.
You worshipped Uskayaw.
Uskayaw was noncommittal.
You visited 2 branches of the dungeon, and saw 5 of its levels.

You collected 196 gold pieces.

Inventory:

Hand Weapons
 h - a +0 vorpal spear (weapon)
 n - a +0 shortbow
Missiles
 a - 151 stones (quivered)
 l - 8 poisoned darts
 o - 19 arrows
Armour
 q - a +0 cloak (worn)
Jewellery
 m - a ring of resist corrosion (left hand)
Wands
 r - a wand of digging (7)
Scrolls
 b - 2 scrolls of teleportation {unknown}
 c - a scroll of holy word {unknown}
 d - a scroll of identify {unknown}
 e - a scroll of immolation {unknown}
 k - 2 scrolls of amnesia {unknown}
Potions
 f - 2 potions of berserk rage {unknown}
 g - a potion of haste {unknown}
 i - a potion of heal wounds {unknown}
 j - 2 potions of curing {unknown}
 p - a potion of mutation {unknown}
 s - 2 potions of resistance {unknown}


   Skills:
 * Level 3.5 Fighting
 + Level 2.5 Dodging
 + Level 3.6 Unarmed Combat
 + Level 2.8 Spellcasting
 + Level 2.8 Transmutations
 + Level 1.2 Poison Magic
 + Level 0.0 Invocations


You had 3 spell levels left.
You knew the following spells:

 Your Spells              Type           Power      Damage    Failure   Level
a - Beastly Appendage     Tmut           18%        N/A       8%          1
b - Wereblood             Tmut           9%         N/A       11%         2
c - Spider Form           Tmut/Pois      3%         N/A       30%         3

Your spell library contained the following spells:

 Spells                   Type           Power      Damage    Failure   Level
 Summon Small Mammal      Summ           4%         N/A       24%         1
 Call Canine Familiar     Summ           1%         N/A       56%         3
 Summon Guardian Golem    Hex/Summ       1%         N/A       56%         3
 Ice Form                 Ice/Tmut       5%         N/A       78%         4


Dungeon Overview and Level Annotations

Branches:
Dungeon (4/15)             Temple (1/1) D:4

Altars:
Ashenzari
Cheibriados
Elyvilon
Fedhas
Hepliaklqana
Kikubaaqudgha
Makhleb
Nemelex Xobeh
Okawaru
Qazlal
Ru
Sif Muna
Trog
Uskayaw
Wu Jian
Xom
Yredelemnul
Zin
The Shining One

Annotations:
D:4 3 runed translucent doors, Name63's ghost, amateur FeEn


Innate Abilities, Weirdness & Mutations

Your plain brown scales are hard. (AC +5)
You cannot fit into any form of body armour.
You are cold-blooded and may be slowed by cold attacks.


Message History

The ice beast barely misses you.
You hit the ice beast. You claw the ice beast.
The ice beast is heavily wounded.
You feel yourself speed up.
The ice beast hits you but does no damage.
The ice beast hits you. The ice beast freezes you!
* * * LOW HITPOINT WARNING * * *
You can now stomp with the beat.
You hit the ice beast but do no damage. You claw the ice beast.
The ice beast is severely wounded.
The ice beast hits you but does no damage.
You stomp with the beat, sending a shockwave through the revellers around you!
The ice beast is almost dead.
You can no longer stomp with the beat.
The ice beast hits you but does no damage.
You can now stomp with the beat.
You closely miss the ice beast.
The ice beast is almost dead.
The ice beast hits you but does no damage.
Okay, then.
You hit the ice beast but do no damage.
The ice beast is almost dead.
Your horns disappear.
Your talons disappear.
The ice beast barely misses you.
You closely miss the ice beast.
The ice beast is almost dead.
Your primal bloodlust is almost over.
The ice beast closely misses you.
You hit the ice beast but do no damage.
Your tail-slap misses the ice beast.
The ice beast is almost dead.
The ice beast hits you.
* * * LOW HITPOINT WARNING * * *
The ice beast freezes you.
* * * LOW HITPOINT WARNING * * *
You hit the ice beast.
The ice beast is almost dead.
The ice beast hits you.
* * * LOW HITPOINT WARNING * * *
The ice beast freezes you!
You die...

#####
#..@#
#.#Y#
#.#.#
#.#.#
#.#.# #
#.#.# ..
#.#.#
#..
#.#.#
#..###
#.#.#
##....##


You could see an ice beast.

Vanquished Creatures
  A hound (D:4)
  An orc priest (D:4)
  9 adders
  An adder skeleton (D:4)
  2 worms (D:2)
  3 dart slugs
  6 ball pythons
  9 endoplasms
  4 giant cockroaches
  4 goblins
  4 hobgoblins
  4 jackals (D:1)
  4 kobolds
  2 quokkas
  5 bats
  2 frilled lizards
  6 rats
67 creatures vanquished.

Vanquished Creatures (others)
  2 demonic plants (D:1)
  A fungus (D:1)
  4 plants (D:2)
7 creatures vanquished.

Grand Total: 74 creatures vanquished

Notes
Turn   | Place    | Note
-------+----------+-------------------------------------------
     0 | D:1      | AZSletch the Draconian Transmuter began the quest for the
                  | Orb.
     0 | D:1      | Reached XP level 1. HP: 16/16 MP: 3/3
   377 | D:1      | You fall into a shaft and drop 1 floor!
   379 | D:2      | Found a white marble altar of Elyvilon.
   408 | D:2      | Reached XP level 2. HP: 19/23 MP: 1/5
   411 | D:2      | Learned a level 2 spell: Wereblood
   683 | D:2      | Reached XP level 3. HP: 29/29 MP: 2/6
  1111 | D:1      | Found a faded altar of an unknown god.
  2017 | D:3      | Reached XP level 4. HP: 37/37 MP: 3/7
  2024 | D:3      | Learned a level 3 spell: Spider Form
  3215 | D:4      | Found a runed translucent gate.
  3215 | D:4      | Found a runed translucent gate.
  3215 | D:4      | Found a runed translucent gate.
  3218 | D:4      | Noticed Name63's ghost (amateur FeEn)
  3240 | D:4      | Reached XP level 5. HP: 39/45 MP: 4/9
  3604 | D:4      | Reached skill level 1 in Poison Magic
  3636 | D:4      | Found a staircase to the Ecumenical Temple.
  3655 | Temple   | Entered the Ecumenical Temple
  3973 | Temple   | Became a worshipper of Uskayaw the Reveller
  4011 | D:4      | Reached * piety under Uskayaw
  4028 | D:4      | Reached ** piety under Uskayaw
  4185 | D:4      | Noticed an ice beast
  4212 | D:4      | Slain by an ice beast

Illustrated notes

Levels and vault maps discovered:
D:1:      dpeg_arrival_rooms_b, layout_basic, serial_glass, glass_columns_b,
          glass_columns_b, shapermc_ecumenical_altar_gd
D:2:      layout_basic, basic_altar, guppyfry_early_lair_pool
D:3:      layout_basic, grunt_ministairs_13, minivault_5
D:4:      layout_cave_pools, minmay_temple_entry_proselytizer,
          biasface_ghost_orc_armoury, minmay_fractal_squares_gapless_5
Temple:   compressed_dpeg_circular_temple

Skill      XL: |  1  2  3  4  5 |
---------------+----------------+-----
Dodging        | 2 |  2.5
Fighting       | 2 3 |  3.5
Poison Magic   | 1 |  1.2
Unarmed Combat | |  3.6
Spellcasting   | |  2.8
Transmutations | |  2.8

Action                   |  1- 3 |  4- 6 || total
-------------------------+-------+-------++-------
Melee: Unarmed           |    55 |       ||    55
       Kick              |    13 |    17 ||    30
       Headbutt          |     8 |     9 ||    17
       Tailslap          |     7 |     5 ||    12
       Spear             |    36 |   118 ||   154
       Punch             |     1 |     1 ||     2
Throw: Stone             |     8 |       ||     8
 Cast: Beastly Appendage |    18 |    12 ||    30
       Wereblood         |    11 |     9 ||    20
Invok: Stomp             |       |     2 ||     2
 Stab: Sleeping          |     1 |       ||     1
Armor: Skin              |    29 |    46 ||    75
Dodge: Dodged            |    51 |    79 ||   130
